 Dungeon Crawl Stone Soup version 0.31-a0-1576-ga3383bade6 (webtiles) character file.

Game seed: 10445684826899557605

4806209 Implojin the Acrobat (level 25, 151/151 HPs)
             Began as a Kobold Chaos Knight on Jan 4, 2024.
             Was a Favourite Plaything of Xom.
             Escaped with the Orb
             ... and 5 runes
             ... and 7 gems (all intact) on Jan 5, 2024!
             The game lasted 02:57:01 (47004 turns).

Implojin the Acrobat (Kobold Chaos Knight)         Turns: 47004, Time: 02:57:02

Health: 151/151    AC: 24    Str: 19    XL:     25   Next: 70%
Magic:  29/29      EV: 54    Int: 13    God:    Xom [..*...]
Gold:   3539       SH: 24    Dex: 40    Spells: 18/24 levels left

rFire   + + +        a - +10 quick blade of Bread {chaos, rF++ Str-3}
rCold   + + .        Y - +5 kite shield of Jiseiled {^Drain Int+3 Dex+3}
rNeg    . . .        h - +2 ring mail {rF+}
rPois   .            c - +1 hat {Will+}
rElec   .            W - scarf "Itaem" {shadows, Regen+ Dex+3}
rCorr   +            w - +2 pair of gloves {infuse}
SInv    .            f - +1 pair of boots {Fly}
Will    +++..        R - amulet of Daonluet {rC++ Regen+ Str-2 Stlth+}
Stlth   ++++         y - ring "Lavadd" {Will+ rCorr MP+9 Str-4 Dex+3, let's gooooooo}
HPRegen 2.05/turn    H - ring "Hunussuz" {rF- Str+6 Dex+6}
MPRegen 0.21/turn

%: clarity, infuse magic (1 MP)
@: flying
A: small, no large weapons, nightstalker 3, claws 1, hooves 1, horns 2,
iridescent scales 2, thin skeletal structure 1, agile 1, clarity, fire
resistance 1, frail 1, low MP 1, shaggy fur 2, strong 2, wild magic 1, inability
to drink after injury 1, MP-powered wands, sturdy frame 1
0: Orb of Zot
}: 5/15 runes: barnacled, slimy, silver, abyssal, gossamer
a: Renounce Religion


You escaped.
You worshipped Xom.
You were a toy of Xom.
You visited 11 branches of the dungeon, and saw 53 of its levels.
You visited the Abyss 1 time.
You visited 1 bazaar.
You also visited: Gauntlet, Ice Cave and Volcano.

You collected 6283 gold pieces.
You spent 2744 gold pieces at shops.

Inventory:

Hand Weapons
 a - the +10 quick blade of Bread (weapon) {chaos, rF++ Str-3}
   (You subdued it on level 4 of the Lair of Beasts)

   Str-3:     It affects your strength (-3).
   rF++:      It greatly protects you from fire.
Missiles
 n - 5 throwing nets
 B - 6 darts of dispersal
 K - 24 boomerangs (quivered)
 M - 10 curare-tipped darts
Armour
 c - a +1 hat of willpower (worn)
 e - the +1 pair of gloves of Xicenin {rF+ Int-5 Stlth+}
   (You found it on level 5 of the Pits of Slime)

   Int-5:     It affects your intelligence (-5).
   rF+:       It protects you from fire.
   Stlth+:    It makes you more stealthy.
 f - a +1 pair of boots of flying (worn)
 h - a +2 ring mail of fire resistance (worn)
 k - a +2 pair of boots
 r - a +0 troll leather armour
 u - a +1 pair of gloves of dexterity
 w - a +2 pair of gloves of infusion (worn)
 E - a +2 pair of gloves of strength
 P - quicksilver dragon scales
 W - the scarf "Itaem" (worn) {shadows, Regen+ Dex+3}
   (You found it in a Gauntlet)

   Dex+3:     It affects your dexterity (+3).
   Regen+:    It increases your rate of health regeneration.
 Y - the +5 kite shield of Jiseiled (worn) {^Drain Int+3 Dex+3}
   (You acquired it on level 3 of the Elven Halls)

   Int+3:     It affects your intelligence (+3).
   Dex+3:     It affects your dexterity (+3).
   ^Drain:    It drains your maximum health when unequipped.
Jewellery
 d - the ring "Kaid" {Str+3 Dex-4 Slay+4 SInv}
   (You found it on level 5 of the Vaults)

   [ring of see invisible]

   Str+3:     It affects your strength (+3).
   Dex-4:     It affects your dexterity (-4).
   Slay+4:    It affects your accuracy & damage with ranged weapons and melee
   (+4).
   SInv:      It lets you see invisible.
 l - the amulet "Foaney" {Acrobat rPois Int+5}
   (You took it off a vault guard on level 5 of the Vaults)

   [amulet of the acrobat]

   Acrobat:   It increases your evasion while moving and waiting.
   Int+5:     It affects your intelligence (+5).
   rPois:     It protects you from poison
 v - a ring of willpower
 y - the ring "Lavadd" (left hand) {Will+ rCorr MP+9 Str-4 Dex+3, let's gooooooo}
   (You found it in a Gauntlet)

   [ring of resist corrosion]

   Str-4:     It affects your strength (-4).
   Dex+3:     It affects your dexterity (+3).
   Will+:     It increases your willpower.
   MP+9:      It affects your magic capacity (+9).
   rCorr:     It protects you from acid and corrosion.
 H - the ring "Hunussuz" (right hand) {rF- Str+6 Dex+6}
   (You found it in a Gauntlet)

   [ring of strength]

   Str+6:     It affects your strength (+6).
   Dex+6:     It affects your dexterity (+6).
   rF-:       It makes you vulnerable to fire.
 J - a ring of poison resistance
 L - the amulet "Qieppuil" {Faith Rampage Regen+ Str+2}
   (You found it on level 5 of the Pits of Slime)

   [amulet of faith]

   Faith:     It allows you to gain divine favour quickly.
   Str+2:     It affects your strength (+2).
   Regen+:    It increases your rate of health regeneration.
   Rampage:   It bestows one free step when moving towards enemies.
 R - the amulet of Daonluet (around neck) {rC++ Regen+ Str-2 Stlth+}
   (You found it on level 5 of the Lair of Beasts)

   [amulet of regeneration]

   Str-2:     It affects your strength (-2).
   rC++:      It greatly protects you from cold.
   Regen+:    It increases your rate of health regeneration.
   Stlth+:    It makes you more stealthy.
 T - the ring "Teicwyf" {rF+ rN+}
   (You found it on level 5 of the Pits of Slime)

   [ring of positive energy]

   rF+:       It protects you from fire.
   rN+:       It protects you from negative energy.
Wands
 p - a wand of quicksilver (24)
 N - a wand of roots (26)
Scrolls
 i - 4 scrolls of fog
 j - 13 scrolls of vulnerability
 t - 8 scrolls of teleportation
 C - a scroll of revelation
 I - 2 scrolls of blinking
 O - 4 scrolls of fear
 Z - 6 scrolls of immolation
Potions
 b - 7 potions of berserk rage
 m - 7 potions of might
 o - 10 potions of ambrosia
 q - 3 potions of resistance
 s - 8 potions of curing
 x - a potion of invisibility
 z - 5 potions of heal wounds
 A - 5 potions of enlightenment
 D - 10 potions of attraction
 G - a potion of haste
 S - 2 potions of magic
 X - 5 potions of mutation
Miscellaneous
 F - a phial of floods
 Q - a phantom mirror (inert)
 V - a sack of spiders


   Skills:
 - Level 20.0 Fighting
 - Level 22.0 Short Blades
 - Level 4.0 Throwing
 * Level 16.2 Armour
 - Level 25.0 Dodging
 - Level 20.0 Stealth
 - Level 15.0 Shields
 - Level 6.0 Ice Magic
 - Level 6.0 Evocations


You had 18 spell levels left.
You knew the following spells:

 Your Spells              Type           Power      Damage    Failure   Level
a - Confusing Touch       Hex            0%         N/A       91%         3
b - Frozen Ramparts       Ice            40%        1d7       22%         3

Your spell library contained the following spells:

 Spells                   Type           Power      Damage    Failure   Level
 Freeze                   Ice            80%        1d9       8%          1
 Ensorcelled Hibernation  Hex/Ice        20%        N/A       34%         2
 Hailstorm                Conj/Ice       10%        3d6       54%         3
 Summon Ice Beast         Ice/Summ       10%        N/A       54%         3
 Kiss of Death            Conj/Necr      0%         2d5       61%         1
 Magic Dart               Conj           0%         1d3       61%         1
 Sandblast                Erth           0%         2d4       61%         1
 Shock                    Conj/Air       0%         1d3       61%         1
 Blink                    Tloc           0%         N/A       73%         2
 Call Imp                 Summ           0%         N/A       73%         2
 Cigotuvi's Dreadful Rot  Necr/Alch/Air  0%         N/A       73%         2
 Lesser Beckoning         Tloc           0%         N/A       73%         2
 Mercury Vapours          Alch/Air       0%         N/A       73%         2
 Momentum Strike          Conj/Tloc      0%         3d8       73%         2
 Scorch                   Fire           0%         2d5       73%         2
 Searing Ray              Conj           0%         2d4       73%         2
 Static Discharge         Conj/Air       0%         3-3/arc   73%         2
 Sublimation of Blood     Necr           0%         N/A       73%         2
 Call Canine Familiar     Summ           0%         N/A       91%         3
 Fugue of the Fallen      Necr           0%         N/A       91%         3
 Gell's Gravitas          Tloc           0%         N/A       91%         3
 Inner Flame              Hex/Fire       0%         N/A       91%         3
 Mephitic Cloud           Conj/Alch/Air  0%         N/A       91%         3
 Passwall                 Erth           0%         N/A       91%         3
 Sigil of Binding         Hex            0%         N/A       91%         3
 Swiftness                Air            0%         N/A       91%         3
 Teleport Other           Tloc           0%         N/A       91%         3
 Tukima's Dance           Hex            0%         N/A       91%         3
 Volatile Blastmotes      Fire/Tloc      0%         2d10      91%         3
 Metabolic Englaciation   Hex/Ice        5%         N/A       99%         5
 Airstrike                Air            0%         2d(0-16)  100%        4
 Anguish                  Hex/Necr       0%         N/A       100%        4
 Brom's Barrelling Bould  Conj/Erth      0%         2d3       100%        4
 Dimensional Bullseye     Hex/Tloc       0%         N/A       100%        4
 Dispel Undead            Necr           0%         3d6       100%        4
 Flame Wave               Conj/Fire      0%         2d4       100%        4
 Fulminant Prism          Conj/Alch      0%         3d5       100%        4
 Ignite Poison            Fire/Alch      0%         N/A       100%        4
 Iskenderun's Mystic Bla  Conj/Tloc      0%         2d3       100%        4
 Leda's Liquefaction      Alch/Erth      0%         N/A       100%        4
 Martyr's Knell           Necr/Summ      0%         N/A       100%        4
 Petrify                  Alch/Erth      0%         N/A       100%        4
 Sticky Flame             Fire/Alch      0%         2d4       100%        4
 Summon Lightning Spire   Summ/Air       0%         N/A       100%        4
 Fireball                 Conj/Fire      0%         3d3       100%        5
 Freezing Cloud           Conj/Ice/Air   3%         6-21      100%        5
 Irradiate                Conj/Alch      0%         3d11      100%        5
 Iskenderun's Battlesphe  Conj           0%         2d6       100%        5
 Bombard                  Conj/Erth      0%         9d1       100%        6
 Conjure Ball Lightning   Conj/Air       0%         3x3d6     100%        6
 Death Channel            Necr           0%         N/A       100%        6
 Dispersal                Tloc           0%         N/A       100%        6
 Eringya's Noxious Bog    Alch           0%         4d6       100%        6
 Plasma Beam              Fire/Air       0%         2x1d10    100%        6
 Sculpt Simulacrum        Ice/Alch       5%         N/A       100%        6
 Summon Cactus Giant      Summ           0%         N/A       100%        6
 Malign Gateway           Summ/Tloc      0%         N/A       100%        7
 Orb of Destruction       Conj           0%         9d5       100%        7
 Ozocubu's Refrigeration  Ice            10%        4d9       100%        7
 Spellforged Servitor     Conj/Summ      0%         N/A       100%        7
 Summon Hydra             Summ           0%         N/A       100%        7
 Discord                  Hex            0%         N/A       100%        8
 Disjunction              Tloc           0%         N/A       100%        8
 Ignition                 Fire           0%         3d3       100%        8
 Maxwell's Capacitive Co  Air            0%         ∞         100%        8
 Summon Horrible Things   Summ           0%         N/A       100%        8
 Shatter                  Erth           0%         3d5*      100%        9


Dungeon Overview and Level Annotations

Branches:
Dungeon (15/15)            Temple (1/1) D:4            Lair (5/5) D:8
 Shoals (4/4) Lair:2       Spider (4/4) Lair:3        Slime (5/5) Lair:4
    Orc (2/2) D:10            Elf (3/3) Orc:2        Vaults (5/5) D:14
 Depths (4/4) D:15            Zot (5/5) Depths:4      IceCv (visited)
Volcano (visited)         Gauntlet (visited)
  Crypt: Vaults:2-3

Altars:
Ashenzari
Cheibriados
Dithmenos
Elyvilon
Fedhas
Gozag
Hepliaklqana
Kikubaaqudgha
Makhleb
Nemelex Xobeh
Okawaru
Qazlal
Ru
Sif Muna
Trog
Uskayaw
Vehumet
Wu Jian
Xom
Yredelemnul
Zin
The Shining One
Jiyva

Shops:
D:7 [   D:13 =   Orc:1 =(   Orc:2 ::([[   Elf:3 ?   Shoals:4 *   Vaults:1 *

Portals:
Hell: Depths:3
Abyss: Depths:3

Annotations:
D:4 2 runed translucent doors, exclusion: 2 doors
D:6 3 runed translucent doors, exclusion: 3 doors, Laraso's ghost, amateur HOFi
D:8 exclusion: two-headed ogre
D:12 3 runed translucent doors, exclusion: 3 doors, Muralos's ghost, adept DrAE
Temple 4 transporters
Depths:2 1 runed translucent door, exclusion: upstairs


Innate Abilities, Weirdness & Mutations

You are small and have problems with some larger weapons.
You are completely attuned to the shadows.
You have sharp fingernails.
You have large cloven feet.
You have a pair of horns on your head.
You are mostly covered in iridescent scales. (AC +4)
You have a somewhat thin skeletal structure. (Dex +2, Stealth+)
You are agile. (Dex +4, Str/Int -1)
You possess an exceptional clarity of mind.
Your flesh is heat resistant. (rF+)
You are frail. (-10% HP)
Your magical capacity is low. (-10% MP)
You are covered in thick fur. (AC +2)
Your muscles are very strong. (Str +8, Int/Dex -2)
Your spells are a little harder to cast, but a little more powerful.
You occasionally lose the ability to drink potions when taking damage.
You expend magic power (3 MP) to strengthen your wands.
Your movements are slightly less encumbered by armour. (ER -2)


Message History

You block the Tzitzimitl's attack. x2; The Tzitzimitl engulfs itself!
The Tzitzimitl bites itself but does no damage.
Danger: Tzitzimitl |T3| Reason: Torment and not torment immune!
You barely miss the Tzitzimitl.
You strike the helpless Tzitzimitl from behind!
You spit the Tzitzimitl like a pig!!!!
You kill the Tzitzimitl!
(D) Dungeon (T) Temple (L) Lair (A) Shoals (N) Spider Nest (M) Slime Pits (O) Orcish Mines (E) Elven Halls (V) Vaults (U) Depths (H) Hell (Z) Zot
Where to? (Tab/Enter - D:1 @ (x,y), ? - help)
Things that are here:
a +0 halberd; a gnoll skeleton
There is a stone staircase leading up here.
You fly upwards.
Level annotation: 2 runed translucent doors, exclusion: 2 doors
There is a stone staircase leading down here.
There is an open door here.
Magic restored.
HP restored.
There is a stone staircase leading up here.
You fly upwards.
There is a stone staircase leading down here.
There is a stone staircase leading up here.
You fly upwards.
There is a stone staircase leading down here.
There is a stone staircase leading up here.
You fly upwards.
There is a stone staircase leading down here.
There is an open door here.
The felid hisses angrily.
The spriggan shouts!
The orc shouts!
The merfolk shouts!
The troll shouts!
The armataur shouts!
The vine stalker shouts!
The human shouts!
There is an open door here.
There is a staircase leading out of the dungeon here.
You have escaped!

#####
#.@.#
#...#
###'###
#M#.#Q#
###.###
#H#.#.#
###.###
#n#.#V#
###.###


There were no monsters in sight!

Vanquished Creatures
  the Royal Jelly (Slime:5)
  2 dread liches
  5 ancient liches
  2 orbs of fire (Zot:5)
  5 Killer Klowns (Zot:5)
  A curse toe (Zot:5)
  6 golden dragons
  A bone dragon (Abyss:4)
  A Tzitzimitl (D:5)
  A hellephant (Abyss:2)
  Rupert (Lair:5)
  An electric golem (Zot:5)
  19 Orb Guardians (Zot:5)
  An Ice Fiend (Zot:4)
  2 deep elf blademasters
  7 tentacled monstrosities
  5 liches
  2 Hell Sentinels
  5 titans (Vaults:5)
  3 sphinxes
  9 acid blobs
  2 deep elf master archers (Elf:3)
  5 tentacled starspawn (Abyss:2)
  4 death cobs
  8 tengu reavers
  Gastronok (Lair:1)
  9 azure jellies
  7 storm dragons
  The ghost of snackwell the Unseen, an adept KoFi of Uskayaw (Shoals:2)
  11 rockslimes
  2 iron dragons
  A draconian monk (Abyss:1)
  3 frost giants (Vaults:5)
  3 draconian scorchers
  2 draconian knights
  2 fire giants (Vaults:5)
  6 vault wardens
  2 emperor scorpions
  3 ghost moths
  5 deep elf elementalists (Elf:3)
  2 angels
  4 deep elf sorcerers (Elf:3)
  2 spriggan defenders (Depths:3)
  2 draconian stormcallers
  A broodmother (Spider:2)
  5 formless jellyfish
  9 ironbound preservers
  4 orc warlords
  14 quicksilver oozes
  5 ironbound thunderhulks
  8 stone giants
  20 very ugly things
  2 vampire knights
  2 ophanim (Abyss:4)
  3 green draconians
  A minotaur (Gauntlet)
  6 spark wasps
  The ghost of Osyvawk the Marksdraconian, a journeyman DrMo of Hepliaklqana (Lair:4)
  4 deep elf demonologists
  2 red draconians
  8 deep elf annihilators
  3 deep elf death magi
  A purple draconian (Depths:4)
  3 yellow draconians (Zot:5)
  A bunyip (shapeshifter) (Shoals:4)
  4 dire elephants
  3 black draconians
  A lorocyproca (Abyss:2)
  A spark wasp (shapeshifter) (Vaults:5)
  A white draconian (Zot:5)
  A fire dragon (Depths:2)
  9 merfolk impalers
  A merfolk javelineer (Shoals:4)
  6 ettins
  2 crystal guardians
  6 great orbs of eyes
  3 yaktaur captains
  2 entropy weavers
  9 deep elf high priests
  9 hydras
  2 rakshasas
  2 jorogumos
  A spriggan air mage (Depths:4)
  22 vault guards
  3 ice dragons
  Erica (Lair:2)
  4 ogre magi
  A peacekeeper (Vaults:4)
  2 centaur warriors
  6 merfolk avatars
  A catoblepas (D:14)
  3 merfolk aquamancers (Shoals:4)
  A radroach (Spider:4)
  2 satyrs (Shoals:4)
  28 dancing weapons
  An anaconda (shapeshifter) (Vaults:5)
  5 ironbound frosthearts
  2 sphinx skeletons (Vaults:4)
  6 boulder beetles
  2 tengu warriors (D:13)
  An alligator snapping turtle (Shoals:4)
  15 two-headed ogres
  5 death yaks (Lair:5)
  A deep troll shaman (Depths:2)
  A vampire mage (Abyss:2)
  3 occultists
  11 thrashing horrors
  2 deep troll earth magi (Vaults:5)
  6 demonic crawlers
  2 spriggan berserkers
  12 hell knights
  13 deep elf knights
  2 iron trolls
  2 skysharks
  3 pharaoh ants
  4 wretched stars
  Sonja (Orc:2)
  A sixfirhy (Abyss:2)
  A fire crab (Volcano)
  3 glowing orange brains
  17 deep trolls
  A death drake (shapeshifter) (Vaults:5)
  A mana viper (Spider:4)
  2 sea snakes (Shoals:4)
  2 death drakes
  A shadow wraith (Vaults:5)
  A sun moth (Spider:4)
  A spectral anaconda (Lair:5)
  A harpy (shapeshifter) (D:14)
  An arcanist (Vaults:1)
  2 orange crystal statues (IceCv)
  A flayed ghost (Vaults:5)
  2 cherubim (Abyss:4)
  5 orb spiders
  7 necromancers
  4 steelbarb worms
  5 deep elf archers
  2 lindwurms
  An obsidian statue (Lair:5)
  Pikel (D:4)
  21 harpies
  9 ironbound convokers
  15 deep elf zephyrmancers
  2 phantasmal warriors (Vaults:5)
  10 orc knights
  29 ugly things
  13 deep elf pyromancers
  A tengu skeleton (Vaults:4)
  An oklob plant (D:13)
  Maurice (D:8)
  10 wolf spiders
  4 shining eyes (Slime:5)
  A worldbinder (Abyss:1)
  15 cyclopes
  15 large abominations
  3 orc sorcerers
  A will-o-the-wisp (Abyss:2)
  2 salamanders (Volcano)
  15 manticores
  4 moths of wrath
  3 meliai (D:13)
  5 black mambas
  7 vault sentinels
  8 water nymphs
  5 torpor snails
  An eye of devastation (Slime:5)
  10 cane toads
  An apocalypse crab (Abyss:2)
  13 elephants
  3 smoke demons (Abyss:2)
  3 merfolk sirens
  2 orange demons
  Maggie (D:8)
  Joseph (D:9)
  4 unseen horrors
  A rime drake (Lair:4)
  4 kobold demonologists (D:12)
  10 yaktaurs (Vaults:1)
  2 ice devils (Abyss:2)
  4 freezing wraiths
  9 komodo dragons
  3 efreet
  A yaktaur skeleton (Vaults:4)
  3 ancient zymes
  15 merfolk
  An elf skeleton (Vaults:4)
  16 trolls
  8 hornets
  12 tarantellas
  Prince Ribbit (D:7)
  13 blink frogs
  5 wind drakes
  11 dream sheep
  A raiju (shapeshifter) (Abyss:2)
  3 snapping turtles
  6 raiju
  2 spectral elephants (Lair:5)
  3 glass eyes
  A human simulacrum (Vaults:4)
  50 slime creatures
  An ice dragon skeleton (Abyss:2)
  7 wyverns
  6 ynoxinuls
  16 jumping spiders
  10 culicivoras
  A spriggan (shapeshifter) (D:13)
  7 water elementals
  Sigmund (D:4)
  4 wraiths
  8 small abominations
  A dire elephant simulacrum (Lair:5)
  A fire elemental (Elf:3)
  44 yaks
  6 basilisks
  2 hogs (D:10)
  3 fire bats
  Grum (D:8)
  4 golden eyes (Abyss:2)
  3 vampire mosquitoes (D:12)
  2 wargs (Orc:1)
  40 redbacks
  A redback (shapeshifter) (D:13)
  2 neqoxecs (Abyss:2)
  2 death yak simulacra (Lair:5)
  5 chaos spawn
  3 steam dragons
  Menkaure (D:5)
  2 great orb of eyes simulacra (IceCv)
  A water moccasin (shapeshifter) (D:15)
  2 acid dragons
  18 water moccasins
  An ice beast (D:6)
  29 orc warriors
  11 black bears
  4 elephant zombies (Lair:5)
  3 sky beasts
  9 laughing skulls (Abyss:2)
  A black bear (shapeshifter) (D:14)
  21 wolves
  24 ogres
  25 starcursed masses
  3 elephant skeletons (Lair:5)
  13 centaurs
  3 phantoms
  3 slime creature simulacra (IceCv)
  9 kobold brigands
  3 weeping skulls (Abyss:2)
  16 bullfrogs
  5 gnoll sergeants
  2 brain worms (Abyss:2)
  3 scorpions
  An earth elemental (Elf:1)
  4 glowing shapeshifter simulacra (IceCv)
  8 wights (D:8)
  A cane toad simulacrum (Lair:5)
  An elephant simulacrum (Lair:5)
  20 killer bees
  An oklob sapling (D:13)
  8 howler monkeys
  6 electric eels
  4 jellies
  2 quasits (Abyss:2)
  17 orc priests
  3 bombardier beetles
  4 hounds
  7 gnoll boudas
  10 iguanas
  2 iron imps (Abyss:2)
  A sleepcap (D:8)
  Jessica (D:2)
  Ijyb (D:5)
  19 orc wizards
  Robin (D:2)
  8 gnolls
  7 adders
  A shadow imp (D:8)
  8 ufetubi
  4 ribbon worms
  78 orcs
  13 ball pythons
  8 bats
  8 endoplasms
  A giant cockroach (D:3)
  17 goblins
  11 hobgoblins
  8 jackals
  2 quokkas
  A frilled lizard (D:3)
  30 kobolds
  9 rats
  A lurking horror (Abyss:2)
  A starspawn tentacle (Abyss:2)
1725 creatures vanquished.

Vanquished Creatures (collateral kills)
  A golden dragon (Depths:4)
  2 Orb Guardians (Zot:5)
  A frost giant (Vaults:5)
  An emperor scorpion (Spider:4)
  A very ugly thing (Vaults:5)
  An ice dragon (Depths:3)
  A vault guard (Vaults:5)
  A hell knight (Depths:2)
  A skyshark (Lair:3)
  2 deep trolls (Vaults:5)
  An elephant (Lair:3)
  A cane toad (Lair:1)
  A human zombie (Vaults:5)
  A tarantella (Spider:4)
  2 hornets
  A slime creature (Slime:5)
  A spriggan (Depths:3)
  8 yaks
  2 redbacks
  A gnoll sergeant (D:10)
  3 wights (D:8)
  2 killer bees (D:8)
  A gnoll bouda (D:10)
  An orc (D:7)
  A bat (D:3)
  A hobgoblin (D:3)
40 creatures vanquished.

Vanquished Creatures (others)
  2 acid blobs (Slime:5)
  A death cob (Zot:4)
  2 azure jellies (Slime:5)
  A rockslime (Slime:5)
  An ironbound preserver (Vaults:5)
  A hydra (Vaults:5)
  An Orb Guardian zombie (Zot:5)
  A merfolk aquamancer (Shoals:4)
  4 dancing weapons
  A storm dragon zombie (Vaults:5)
  A sixfirhy (Abyss:2)
  A deep troll (Vaults:5)
  A hornet (D:7)
  2 slime creatures (Slime:5)
  A yak (D:10)
  A slime creature zombie (Vaults:1)
  A warg (Elf:3)
  A wyvern (D:7)
  A black bear (D:10)
  A centaur (D:8)
  A yaktaur zombie (Vaults:1)
  A kobold brigand (D:8)
  3 wights (D:8)
  An orc (D:8)
  A kobold (D:12)
  2 lurking horrors
  3 starspawn tentacles (Abyss:2)
38 creatures vanquished.

Grand Total: 1803 creatures vanquished

Notes
Turn   | Place    | Note
-------+----------+-------------------------------------------
     0 | D:1      | Implojin the Kobold Chaos Knight began the quest for the
                  | Orb.
     0 | D:1      | Reached XP level 1. HP: 14/14 MP: 1/1
     2 | D:1      | Noticed a tengu
     4 | D:1      | Noticed a minotaur
     6 | D:1      | Noticed a ghoul
     6 | D:1      | Noticed a vampire
     8 | D:1      | Noticed an elf
     8 | D:1      | Noticed a demigod
    10 | D:1      | Noticed a spriggan
    12 | D:1      | Noticed a human
    14 | D:1      | Noticed an octopode
    14 | D:1      | Noticed a vine stalker
    16 | D:1      | Noticed an armataur
    16 | D:1      | Noticed a demonspawn
    18 | D:1      | Noticed a troll
    18 | D:1      | Noticed a gargoyle
    20 | D:1      | Noticed a felid
    20 | D:1      | Noticed a draconian
    22 | D:1      | Noticed a formicid
    22 | D:1      | Noticed a merfolk
    24 | D:1      | Noticed a naga
    26 | D:1      | Noticed a felid
    26 | D:1      | Noticed a spriggan
    98 | D:1      | XOM: silly message
   114 | D:1      | Reached XP level 2. HP: 19/19 MP: 2/2
   244 | D:1      | Reached skill level 5 in Short Blades
   320 | D:1      | Reached XP level 3. HP: 12/23 MP: 3/3
  1091 | D:2      | Reached skill level 1 in Stealth
  1117 | D:2      | Reached XP level 4. HP: 28/28 MP: 4/4
  1119 | D:2      | XOM: silly message
  1193 | D:2      | XOM: butterfly on damage
  1297 | D:2      | XOM: divination: detect creatures
  1315 | D:2      | Found a faded altar of an unknown god.
  1366 | D:2      | Noticed Jessica
  1382 | D:2      | Killed Jessica
  1405 | D:2      | Got Jessica's Grimoire of Ill Luck
  1490 | D:3      | Reached XP level 5. HP: 32/32 MP: 5/5
  1647 | D:3      | Noticed Robin
  1757 | D:2      | Killed Robin
  1758 | D:2      | Reached skill level 5 in Stealth
  2007 | D:3      | Reached XP level 6. HP: 30/37 MP: 6/6
  2051 | D:3      | XOM: divination: detect creatures
  2481 | D:4      | Found a large runed translucent door.
  2482 | D:4      | Found a large runed translucent door.
  2527 | D:4      | Noticed Pikel
  2745 | D:4      | Noticed an ogre
  2783 | D:4      | XOM: divination: detect items
  2820 | D:4      | XOM: silly message
  2944 | D:4      | Noticed Sigmund
  3032 | D:4      | XOM: potion effect (berserk rage)
  3036 | D:4      | XOM: divination: magic mapping
  3037 | D:4      | XOM: divination: detect creatures
  3038 | D:4      | XOM: cast spell 'Summon Ice Beast'
  3042 | D:4      | Killed Pikel
  3043 | D:4      | Reached skill level 5 in Dodging
  3043 | D:4      | Reached XP level 7. HP: 41/41 MP: 7/7
  3205 | D:4      | Reached skill level 6 in Dodging
  3205 | D:4      | Reached XP level 8. HP: 46/46 MP: 8/8
  3207 | D:4      | Found a hide-covered altar of Uskayaw.
  3367 | D:5      | Entered Level 5 of the Dungeon
  3496 | D:5      | Noticed Menkaure
  3614 | D:4      | Killed Sigmund
  3615 | D:4      | Reached skill level 7 in Dodging
  3724 | D:4      | Reached skill level 8 in Dodging
  3806 | D:4      | XOM: summons 4 hostile demons
  4218 | D:5      | XOM: 6-stop teleportation journey
  4400 | D:5      | Found a stormy altar of Qazlal.
  4451 | D:5      | Noticed Ijyb
  4454 | D:5      | Killed Ijyb
  4989 | D:5      | XOM: summons 2 hostile shadow creatures
  5019 | D:5      | XOM: smoke on damage
  5205 | D:6      | Reached XP level 9. HP: 35/51 MP: 9/9
  5341 | D:6      | Found a transporter.
  5356 | D:6      | Found a transporter.
  5391 | D:6      | XOM: cleaving
  5414 | D:6      | Reached skill level 5 in Fighting
  5454 | D:6      | XOM: confuse monster(s)
  5601 | D:6      | Found a runed translucent gate.
  5601 | D:6      | Found a runed translucent gate.
  5601 | D:6      | Found a runed translucent gate.
  5602 | D:6      | Noticed a kobold demonologist
  5605 | D:6      | Noticed Laraso's ghost (amateur HOFi)
  5783 | D:6      | XOM: divination: detect creatures
  5798 | D:6      | XOM: 2-stop teleportation journey
  6031 | D:5      | XOM: enchant monster (bad)
  6038 | D:5      | Killed Menkaure
  6138 | D:5      | HP: 1/55 [gnoll/+0 halberd[a gnoll bouda] (6)]
  6441 | D:4      | Found a staircase to the Ecumenical Temple.
  6450 | Temple   | Found a transporter.
  6450 | Temple   | Found a transporter.
  6450 | Temple   | Found a transporter.
  6450 | Temple   | Found a transporter.
  6450 | Temple   | XOM: stealth player
  6450 | Temple   | Entered the Ecumenical Temple
  6550 | D:6      | Reached skill level 10 in Short Blades
  6550 | D:6      | Reached skill level 1 in Evocations
  6807 | D:6      | XOM: cloud trail
  6991 | D:6      | XOM: silly message
  7527 | D:7      | Reached XP level 10. HP: 35/60 MP: 10/10
  7642 | D:7      | XOM: god gift: 46 gold pieces
  7660 | D:7      | XOM: blink monster(s)
  7821 | D:7      | Noticed Prince Ribbit
  7821 | D:7      | Found a snail-covered altar of Cheibriados.
  7821 | D:7      | Found Cheibriados's Comfort Zone.
  7823 | D:7      | Killed Prince Ribbit
  7824 | D:7      | Reached skill level 9 in Dodging
  7976 | D:7      | XOM: give mutations
  7976 | D:7      | Gained mutation: Potions are less effective at restoring
                  | your health. [Xom's mischief]
  7976 | D:7      | Gained mutation: Your system is resistant to poisons.
                  | (rPois) [Xom's mischief]
  8004 | D:7      | XOM: silly message
  8192 | D:7      | XOM: confuse monster(s)
  8199 | D:7      | Reached skill level 10 in Dodging
  8199 | D:7      | Reached skill level 1 in Throwing
  8726 | D:7      | XOM: noise
  9044 | D:7      | XOM: cloud trail
  9243 | D:7      | Learned a level 3 spell: Confusing Touch
  9247 | D:7      | Learned a level 3 spell: Frozen Ramparts
  9265 | D:8      | Noticed a cyclops
  9270 | D:8      | XOM: confusion (+ monsters)
  9278 | D:8      | XOM: enchant monster (good)
  9287 | D:8      | Killed a cyclops
  9288 | D:8      | Reached skill level 10 in Stealth
  9304 | D:8      | XOM: potion effect (invisibility)
  9316 | D:8      | XOM: swap monsters
  9342 | D:8      | Noticed Grum
  9348 | D:8      | Killed Grum
  9556 | D:8      | XOM: god gift: scroll of fog
  9568 | D:8      | Found a shimmering altar of Xom.
  9576 | D:8      | XOM: summons 2 friendly demons
  9698 | D:8      | Reached XP level 11. HP: 68/68 MP: 11/11
  9893 | D:8      | Reached skill level 1 in Armour
 10008 | D:8      | Noticed a two-headed ogre
 10092 | D:8      | Noticed Maurice
 10094 | D:8      | Killed Maurice
 10122 | D:8      | XOM: noise
 10186 | D:8      | Noticed Maggie
 10190 | D:8      | Killed Maggie
 10331 | D:8      | XOM: cloud trail
 10374 | D:8      | Found a staircase to the Lair.
 10392 | D:8      | XOM: divination: detect items
 10400 | D:8      | XOM: potion effect (brilliance)
 10403 | D:8      | XOM: divination: detect items
 10412 | D:8      | XOM: swap monsters
 10543 | D:8      | Found a blossoming altar of Fedhas.
 10728 | D:8      | Found a snail-covered altar of Cheibriados.
 10934 | D:9      | Noticed Joseph
 10959 | D:9      | Killed Joseph
 10989 | D:9      | XOM: polymorph orc wizard -> acid dragon
 11059 | D:9      | Reached skill level 5 in Armour
 11308 | D:9      | XOM: potion effect (might)
 11517 | D:9      | XOM: potion effect (brilliance)
 11524 | D:9      | XOM: potion effect (might)
 11525 | D:9      | XOM: potion effect (berserk rage)
 11526 | D:9      | XOM: silly message
 11631 | D:9      | XOM: potion effect (haste)
 12387 | D:9      | XOM: silly message
 12461 | D:9      | XOM: cast spell 'Animate Armour'
 12550 | D:9      | XOM: divination: detect items
 12654 | D:10     | Entered Level 10 of the Dungeon
 12721 | D:10     | Reached skill level 11 in Dodging
 12731 | D:10     | XOM: silly message
 12836 | D:10     | Reached XP level 12. HP: 62/73 MP: 12/12
 12931 | D:10     | XOM: silly message
 12939 | D:10     | XOM: enchant monster (good)
 12963 | D:10     | Reached skill level 12 in Dodging
 13042 | D:10     | Found a glowing silver altar of Zin.
 13050 | D:10     | Noticed a two-headed ogre
 13054 | D:10     | Killed a two-headed ogre
 13086 | D:10     | Found a staircase to the Orcish Mines.
 13115 | D:10     | XOM: enchant monster (good)
 13240 | D:10     | Noticed a two-headed ogre
 13257 | D:10     | Killed a two-headed ogre
 13258 | D:10     | Reached skill level 13 in Dodging
 13362 | D:10     | XOM: silly message
 13402 | D:10     | XOM: potion effect (haste)
 13600 | D:10     | Reached skill level 14 in Dodging
 13673 | D:10     | XOM: god gift: 4 stones
 13772 | D:10     | XOM: summons friendly crimson imp
 13867 | D:10     | XOM: scenery: 1 doors open, 2 doors close
 13933 | D:10     | Reached skill level 5 in Evocations
 14159 | D:10     | XOM: god gift: 20 gold pieces
 14317 | D:10     | XOM: god gift: 3 boomerangs
 14434 | D:10     | XOM: god gift: 34 gold pieces
 14608 | D:10     | XOM: god gift: orb of wrath
 14717 | D:10     | XOM: cleaving
 14840 | D:10     | XOM: give mutations
 14840 | D:10     | Gained mutation: You have large cloven feet. [Xom's grace]
 14840 | D:10     | Gained mutation: You are partially covered in iridescent
                  | scales. (AC +2) [Xom's grace]
 14840 | D:10     | Gained mutation: You have sharp fingernails. [Xom's grace]
 14840 | D:10     | Gained mutation: You are somewhat resistant to further
                  | mutation. [Xom's grace]
 15012 | D:10     | XOM: give mutations
 15012 | D:10     | Gained mutation: You are covered in fur. (AC +1) [Xom's
                  | grace]
 15012 | D:10     | Gained mutation: You are covered in thick fur. (AC +2)
                  | [Xom's grace]
 15012 | D:10     | Gained mutation: You have a pair of small horns on your
                  | head. [Xom's grace]
 15012 | D:10     | Gained mutation: Your flesh is cold resistant. (rC+) [Xom's
                  | grace]
 15343 | D:11     | XOM: confuse monster(s)
 15556 | D:11     | XOM: confuse monster(s)
 15641 | D:11     | Noticed a six-headed hydra
 15642 | D:11     | XOM: polymorph six-headed hydra -> six-headed hydra
 15651 | D:11     | Killed a six-headed hydra
 15676 | D:11     | Found the +9 staff of Olgreb {rPois∞}
 15814 | D:11     | XOM: divination: detect creatures
 15821 | D:11     | a komodo dragon changed into a glowing orange brain
 15821 | D:11     | Noticed a glowing orange brain
 15821 | D:11     | XOM: polymorph komodo dragon -> glowing orange brain
 15840 | D:11     | Killed a glowing orange brain
 15841 | D:11     | Reached XP level 13. HP: 78/78 MP: 13/13
 15906 | D:11     | XOM: noise
 16034 | D:11     | Found a runed translucent door.
 16044 | D:11     | Found a runed translucent gate.
 16046 | D:11     | Found a runed translucent gate.
 16046 | D:11     | Found a runed translucent gate.
 16286 | D:11     | Found a runed translucent door.
 16306 | D:11     | XOM: blink monster(s)
 16346 | D:11     | XOM: destruction
 16350 | D:11     | XOM: snakes to sticks
 16437 | D:11     | Reached skill level 15 in Dodging
 16590 | D:9      | XOM: summons 1 hostile shadow creature
 16709 | Lair:1   | Entered Level 1 of the Lair of Beasts
 16732 | Lair:1   | XOM: give mutation
 16732 | Lair:1   | Lost mutation: You are somewhat resistant to further
                  | mutation. [Xom's mischief]
 16785 | Lair:1   | Reached skill level 1 in Ice Magic
 16793 | Lair:1   | XOM: confuse monster(s)
 16950 | Lair:1   | XOM: 1-stop teleportation journey
 16960 | Lair:1   | XOM: fog
 17097 | Lair:1   | Noticed a seven-headed hydra
 17102 | Lair:1   | Killed a seven-headed hydra
 17116 | Lair:1   | XOM: polymorph basilisk -> howler monkey
 17166 | Lair:1   | Reached skill level 5 in Ice Magic
 17175 | Lair:1   | Noticed a four-headed hydra
 17179 | Lair:1   | Killed a four-headed hydra
 17186 | Lair:1   | Noticed Gastronok
 17204 | Lair:1   | Killed Gastronok
 17214 | Lair:1   | XOM: scenery: summon butterflies
 17441 | Lair:1   | XOM: summons 1 hostile demon
 18054 | Lair:2   | Found a dark tunnel.
 18060 | Volcano  | Entered a volcano
 18089 | Volcano  | Reached skill level 15 in Stealth
 18089 | Volcano  | Reached XP level 14. HP: 84/84 MP: 14/14
 18148 | Volcano  | XOM: noise
 18171 | Volcano  | XOM: give mutations
 18171 | Volcano  | Lost mutation: Your system is resistant to poisons. (rPois)
                  | [Xom's mischief]
 18171 | Volcano  | Gained mutation: You possess an exceptional clarity of
                  | mind. [Xom's mischief]
 18171 | Volcano  | Lost mutation: You have large cloven feet. [Xom's mischief]
 18171 | Volcano  | Lost mutation: You possess an exceptional clarity of mind.
                  | [Xom's mischief]
 18451 | Lair:2   | XOM: 1-stop teleportation journey
 18461 | Lair:2   | XOM: chaos cloud
 18492 | Lair:2   | Identified the staff "Oxax" {rC+ SInv Ice}
 18611 | Lair:2   | XOM: polymorph boulder beetle -> dream sheep
 18729 | Lair:2   | Found a staircase to the Shoals.
 18786 | Lair:2   | Noticed Erica
 18799 | Lair:2   | Killed Erica
 19035 | Lair:2   | XOM: give mutations
 19035 | Lair:2   | Gained mutation: Your system is resistant to poisons.
                  | (rPois) [Xom's mischief]
 19035 | Lair:2   | Lost mutation: Your flesh is cold resistant. (rC+) [Xom's
                  | mischief]
 19035 | Lair:2   | Gained mutation: You are dopey. (Int -2) [Xom's mischief]
 19606 | Lair:3   | XOM: give mutations
 19606 | Lair:3   | Lost mutation: Potions are less effective at restoring your
                  | health. [Xom's mischief]
 19606 | Lair:3   | Gained mutation: You are weak. (Str -2) [Xom's mischief]
 19606 | Lair:3   | Lost mutation: Your system is resistant to poisons. (rPois)
                  | [Xom's mischief]
 19606 | Lair:3   | Gained mutation: Your body sometimes deteriorates upon
                  | taking damage. [Xom's mischief]
 19620 | Lair:3   | XOM: give mutations
 19620 | Lair:3   | Gained mutation: You have a somewhat thin skeletal
                  | structure. (Dex +2, Stealth+) [Xom's grace]
 19620 | Lair:3   | Gained mutation: You have a pair of horns on your head.
                  | [Xom's grace]
 19620 | Lair:3   | Lost mutation: You are weak. (Str -2) [Xom's grace]
 19801 | Lair:3   | Found a hole to the Spider Nest.
 19915 | Lair:3   | XOM: god gift: potion of curing
 19961 | Lair:3   | XOM: cast spell 'Summon Hydra'
 19965 | Lair:3   | XOM: summons 6 hostile demons
 19985 | Lair:3   | XOM: potion effect (haste)
 19996 | Lair:3   | XOM: enchant monster (good)
 20191 | Lair:3   | XOM: god gift: orcbow {god gift}
 20257 | Lair:3   | XOM: divination: detect creatures
 20271 | Lair:3   | XOM: summons 14 friendly demons
 20511 | Lair:3   | XOM: fake destruction
 20828 | Lair:4   | Found a runed translucent door.
 20829 | Lair:4   | Found a shimmering altar of Xom.
 20829 | Lair:4   | Noticed Osyvawk's ghost (journeyman DrMo)
 20830 | Lair:4   | Identified the +10 quick blade of Bread {chaos, rF++ Str-3}
 20832 | Lair:4   | :hello
 20850 | Lair:4   | Reached skill level 16 in Dodging
 20882 | Lair:4   | XOM: give mutations
 20882 | Lair:4   | Gained mutation: You are mostly covered in iridescent
                  | scales. (AC +4) [Xom's grace]
 20882 | Lair:4   | Gained mutation: You are completely covered in iridescent
                  | scales. (AC +6) [Xom's grace]
 20882 | Lair:4   | Gained mutation: You possess an exceptional clarity of
                  | mind. [Xom's grace]
 20906 | Lair:4   | XOM: potion effect (invisibility)
 21464 | Lair:4   | Found a runed translucent door.
 21464 | Lair:4   | Found a viscous altar of Jiyva.
 21465 | Lair:4   | Found a staircase to the Slime Pits.
 21568 | Lair:4   | XOM: give mutation
 21568 | Lair:4   | Gained mutation: Your thick and shaggy fur keeps you warm.
                  | (AC +3, rC+) [Xom's grace]
 21622 | Lair:4   | XOM: give mutation
 21622 | Lair:4   | Gained mutation: You passively dampen the noise of your
                  | surroundings. [Xom's grace]
 21956 | Lair:4   | Found a shimmering altar of Xom.
 21981 | Lair:4   | XOM: stat loss: -1 Int (10/11)
 22318 | Lair:4   | XOM: potion effect (invisibility)
 22335 | Lair:4   | XOM: fake destruction
 22344 | Lair:4   | Killed Osyvawk's ghost
 22386 | Lair:4   | Found a viscous altar of Jiyva.
 22387 | Lair:4   | Found a staircase to the Slime Pits.
 22444 | Lair:4   | XOM: scenery: summon butterflies
 22602 | Lair:5   | XOM: stealth player
 22602 | Lair:5   | Entered Level 5 of the Lair of Beasts
 22804 | Lair:5   | XOM: give mutation
 22804 | Lair:5   | Gained mutation: You are agile. (Dex +4, Str/Int -1) [Xom's
                  | grace]
 22813 | Lair:5   | Reached skill level 17 in Dodging
 22860 | Lair:5   | XOM: summons 8 hostile demons
 22926 | Lair:5   | XOM: polymorph blink frog -> harpy
 22952 | Lair:5   | XOM: polymorph cane toad -> something unseen
 22962 | Lair:5   | Noticed Rupert
 22965 | Lair:5   | Reached XP level 15. HP: 88/88 MP: 15/15
 22967 | Lair:5   | XOM: summons friendly crimson imp
 22972 | Lair:5   | Killed Rupert
 23074 | Lair:5   | Reached skill level 18 in Dodging
 23712 | Lair:5   | Identified the amulet of Daonluet {rC++ Regen+ Str-2
                  | Stlth+}
 23716 | Lair:5   | :who needs strength anyway
 23831 | Lair:5   | XOM: enchant monster (good)
 23914 | Lair:5   | XOM: polymorph elephant -> wyvern
 23917 | Lair:5   | XOM: swap monsters
 23918 | Lair:5   | XOM: give mutations
 23918 | Lair:5   | Lost mutation: You are dopey. (Int -2) [Xom's mischief]
 23918 | Lair:5   | Lost mutation: You have sharp fingernails. [Xom's mischief]
 23964 | Lair:5   | XOM: silly message
 24407 | D:12     | Found a runed translucent gate.
 24407 | D:12     | Found a runed translucent gate.
 24408 | D:12     | Found a runed translucent gate.
 24409 | D:12     | Noticed Muralos's ghost (adept DrAE)
 24422 | D:12     | Noticed a frost giant
 24429 | D:12     | Found a burning altar of Makhleb.
 24431 | D:12     | Noticed a balrug
 24489 | D:12     | XOM: summons 8 hostile demons
 24505 | D:12     | XOM: chaos upgrade
 24510 | D:12     | XOM: summons 3 hostile demons
 24588 | D:12     | XOM: cloud trail
 24612 | D:12     | Identified the +0 chain mail of Misanthropy {rCorr}
 25065 | D:12     | XOM: noise
 25386 | D:12     | Reached skill level 10 in Armour
 25564 | D:13     | XOM: noise
 25581 | D:13     | XOM: summons 2 friendly demons
 25587 | D:13     | XOM: confuse monster(s)
 25695 | D:13     | Reached XP level 16. HP: 95/95 MP: 16/16
 25878 | D:13     | Found Qout's Jewellery Shoppe.
 26031 | D:13     | XOM: 1-stop teleportation journey
 26354 | D:13     | XOM: silly message
 26661 | D:14     | XOM: potion effect (berserk rage)
 26671 | D:14     | XOM: divination: detect creatures
 26672 | D:14     | Reached skill level 10 in Fighting
 26831 | D:14     | XOM: silly message
 27279 | D:14     | Found a gate to the Vaults.
 27301 | D:14     | XOM: noise
 27346 | D:15     | Entered Level 15 of the Dungeon
 27375 | D:15     | XOM: cast spell 'Iskenderun's Battlesphere'
 27436 | D:15     | XOM: divination: detect creatures
 27498 | D:15     | Found a gate leading to a gauntlet.
 27504 | Gauntlet | Entered a Gauntlet
 27504 | Gauntlet | Found a transporter.
 27521 | Gauntlet | Found a transporter.
 27521 | Gauntlet | Found a transporter.
 27537 | Gauntlet | Found a transporter.
 27537 | Gauntlet | Found a transporter.
 27545 | Gauntlet | XOM: god gift: 35 gold pieces
 27554 | Gauntlet | Found a transporter.
 27571 | Gauntlet | Found a transporter.
 27589 | Gauntlet | Found a transporter.
 27589 | Gauntlet | Found a transporter.
 27605 | Gauntlet | Found a transporter.
 27605 | Gauntlet | Found a transporter.
 27621 | Gauntlet | Found a transporter.
 27687 | Gauntlet | XOM: god gift: potion of attraction
 27764 | Gauntlet | XOM: confuse monster(s)
 27784 | Gauntlet | Identified the ring "Lavadd" {Will+ rCorr MP+9 Str-4 Dex+3}
 27822 | Gauntlet | Identified the scarf "Itaem" {shadows, Regen+ Dex+3}
 27822 | Gauntlet | Identified the ring "Hunussuz" {rF- Str+6 Dex+6}
 28143 | D:15     | XOM: 1-stop teleportation journey
 28167 | D:15     | Reached skill level 15 in Short Blades
 28204 | D:15     | Found a staircase to the Depths.
 28409 | D:15     | XOM: potion effect (brilliance)
 28736 | Orc:1    | Entered Level 1 of the Orcish Mines
 28796 | Orc:2    | Entered Level 2 of the Orcish Mines
 28798 | Orc:2    | Noticed Sonja
 28801 | Orc:2    | Killed Sonja
 28925 | Orc:2    | Found Jubbae's Weapon Shoppe.
 28925 | Orc:2    | Found Qedaunir's Antique Armour Shoppe.
 28925 | Orc:2    | XOM: 1-stop teleportation journey
 28937 | Orc:2    | XOM: cast spell 'Dispersal'
 28974 | Orc:2    | Found Yhulurax's Book Boutique.
 29037 | Orc:2    | Reached XP level 17. HP: 100/106 MP: 17/17
 29040 | Orc:2    | Found Dasiz's Armour Emporium.
 29055 | Orc:2    | Reached skill level 19 in Dodging
 29115 | Orc:2    | XOM: god gift: scale mail {god gift}
 29158 | Orc:2    | Found a staircase to the Elven Halls.
 29248 | Orc:2    | XOM: potion effect (might)
 29434 | Orc:2    | XOM: swap monsters
 29466 | Orc:2    | XOM: silly message
 29669 | Orc:2    | Found Nifofa's Self-Improvement Boutique.
 29673 | Orc:2    | Bought a manual of Dodging for 800 gold pieces
 29961 | Orc:1    | Found Cuhik Batt's Jewellery Boutique.
 30051 | Orc:1    | Found a burning altar of Makhleb.
 30090 | Orc:1    | XOM: 2-stop teleportation journey
 30308 | Orc:1    | Found Xadeugia's Antique Weapon Shoppe.
 30428 | Orc:1    | XOM: give mutation
 30428 | Orc:1    | Lost mutation: You are agile. (Dex +4, Str/Int -1) [Xom's
                  | mischief]
 30559 | D:8      | Reached skill level 20 in Dodging
 30666 | Spider:1 | Entered Level 1 of the Spider Nest
 30673 | Spider:1 | XOM: summons 4 hostile demons
 30836 | Spider:1 | Reached skill level 21 in Dodging
 30889 | Spider:1 | XOM: 5-stop teleportation journey
 31092 | Spider:1 | Reached skill level 22 in Dodging
 31615 | Spider:2 | XOM: god gift: great sword {god gift}
 31802 | Spider:2 | XOM: silly message
 32021 | Spider:2 | Reached skill level 23 in Dodging
 32061 | Spider:2 | XOM: 1-stop teleportation journey
 32197 | Spider:2 | XOM: enchant monster (bad)
 32733 | Spider:3 | XOM: enchant monster (bad)
 32785 | Spider:3 | XOM: summons 4 hostile shadow creatures
 32833 | Spider:4 | Entered Level 4 of the Spider Nest
 32864 | Spider:4 | XOM: cast spell 'Cause Fear'
 32896 | Spider:4 | Reached skill level 24 in Dodging
 32896 | Spider:4 | XOM: enchant monster (good)
 32898 | Spider:4 | XOM: enchant monster (good)
 32917 | Spider:4 | Reached XP level 18. HP: 112/112 MP: 18/18
 32928 | Spider:4 | XOM: divination: detect items
 32939 | Spider:4 | XOM: summons 3 friendly demons
 33043 | Spider:4 | Got a milky-white gem with 158 turns to spare
 33043 | Spider:4 | Got a gossamer rune of Zot
 33062 | Spider:4 | XOM: noise
 33240 | Shoals:1 | Entered Level 1 of the Shoals
 33250 | Shoals:1 | XOM: cloud trail
 33267 | Shoals:1 | You fall into a shaft and drop 1 floor!
 33267 | Shoals:2 | XOM: stealth player
 33386 | Shoals:2 | You fall into a shaft and drop 1 floor!
 33406 | Shoals:4 | Entered Level 4 of the Shoals
 33447 | Shoals:4 | Identified the +6 rapier of the Unkillable {speed, Will+
                  | Int+6 SInv}
 33488 | Shoals:4 | XOM: god gift: wand of quicksilver (6)
 33567 | Shoals:4 | Identified the staff "Jiakon" {rPois rN+ Alchemy}
 33582 | Shoals:4 | Reached skill level 25 in Dodging
 33608 | Shoals:4 | Found a flickering gateway to a bazaar.
 33613 | Bazaar   | Entered a bazaar
 33625 | Bazaar   | Found Gugamm's Weapon Boutique.
 33640 | Bazaar   | Found Zuxugujo's Antique Armour Emporium.
 33655 | Bazaar   | Found Omanu's Antique Armour Emporium.
 33666 | Bazaar   | Found Izxiolit's Jewellery Shop.
 33681 | Bazaar   | Bought a pair of pitted gloves for 285 gold pieces
 33681 | Bazaar   | Identified the +0 pair of gloves of Ycsofam {Int+3} (You
                  | bought it in a shop in a bazaar)
 33681 | Bazaar   | Bought a pair of embroidered gloves for 225 gold pieces
 33755 | Shoals:4 | XOM: polymorph merfolk javelineer -> merfolk javelineer
 33801 | Shoals:4 | XOM: fog
 33818 | Shoals:4 | Got an azure gem with 1326 turns to spare
 33818 | Shoals:4 | Got a barnacled rune of Zot
 33841 | Shoals:4 | XOM: give mutations
 33841 | Shoals:4 | Gained mutation: You occasionally lose the ability to drink
                  | potions when taking damage. [Xom's mischief]
 33841 | Shoals:4 | Lost mutation: Your body sometimes deteriorates upon taking
                  | damage. [Xom's mischief]
 33841 | Shoals:4 | Lost mutation: You passively dampen the noise of your
                  | surroundings. [Xom's mischief]
 33841 | Shoals:4 | Lost mutation: You possess an exceptional clarity of mind.
                  | [Xom's mischief]
 34009 | Shoals:4 | Identified the +1 great sword of the Establishment {vamp,
                  | rElec rPois Dex+3 SInv}
 34069 | Shoals:4 | XOM: chaos upgrade
 34169 | Shoals:4 | Found Durr's Specific Store.
 34169 | Shoals:4 | Found Vigu's General Store.
 34173 | Shoals:4 | Bought a scroll of identify for 22 gold pieces
 34178 | Shoals:4 | Bought a scroll of identify for 28 gold pieces
 34178 | Shoals:4 | Bought a scroll of identify for 28 gold pieces
 34415 | Shoals:2 | XOM: 8-stop teleportation journey
 34417 | Shoals:2 | Found a runed translucent door.
 34422 | Shoals:2 | Noticed snackwell's ghost (adept KoFi)
 34425 | Shoals:2 | Killed snackwell's ghost
 34596 | Shoals:1 | XOM: silly message
 34597 | Shoals:1 | XOM: polymorph cyclops -> four-headed hydra
 34599 | Shoals:1 | Reached XP level 19. HP: 121/121 MP: 18/19
 34672 | Shoals:1 | :5 nets is probably enough
 34716 | Lair:1   | XOM: summons 2 hostile shadow creatures
 34722 | Lair:1   | :actually
 34722 | Lair:1   | :maybe i can slam elf with this char
 34890 | Elf:1    | Entered Level 1 of the Elven Halls
 35012 | Elf:2    | Found a frozen archway.
 35039 | IceCv    | Entered an ice cave
 35170 | IceCv    | XOM: give mutations
 35170 | IceCv    | Gained mutation: Potions are less effective at restoring
                  | your health. [Xom's mischief]
 35170 | IceCv    | Lost mutation: You are completely covered in iridescent
                  | scales. (AC +6) [Xom's mischief]
 35170 | IceCv    | Lost mutation: You have a pair of horns on your head.
                  | [Xom's mischief]
 35230 | IceCv    | Found a viscous altar of Jiyva.
 35249 | IceCv    | Got the ring of the Fae God {rC+ Str+2}
 35673 | Elf:3    | Entered Level 3 of the Elven Halls
 35708 | Elf:3    | Found Untoeda's Magic Scroll Shop.
 35718 | Elf:3    | Bought a scroll of revelation for 150 gold pieces
 35718 | Elf:3    | Bought a scroll of revelation for 150 gold pieces
 35754 | Elf:3    | XOM: butterfly on damage
 35757 | Elf:3    | XOM: enchant monster (bad)
 35791 | Elf:3    | XOM: chaos upgrade
 35862 | Elf:3    | Noticed a Hell Sentinel
 35955 | Elf:3    | Noticed a deep elf blademaster
 35961 | Elf:3    | Killed a deep elf blademaster
 35972 | Elf:3    | XOM: enchant monster (bad)
 35999 | Elf:3    | XOM: 8-stop teleportation journey
 36054 | Elf:3    | XOM: noise
 36111 | Elf:3    | XOM: enchant monster (bad)
 36181 | Elf:3    | Found the +9 sword of Power {lifebolt}
 36188 | Elf:3    | Identified a scroll of acquirement
 36189 | Elf:3    | Acquired the +5 kite shield of Jiseiled {^Drain Int+3
                  | Dex+3}
 36193 | Elf:3    | Got a shimmering gem with 1203 turns to spare
 36203 | Elf:3    | Identified the +0 robe of the Secret Lies {^Drain rN+ rCorr
                  | Dex+6}
 36214 | Elf:3    | Got the Directory of Lofty Concoctions
 36217 | Elf:3    | Identified the +1 scale mail of Lugonu's Condemnation {Harm
                  | rElec MP+9 Int-2}
 36224 | Elf:3    | Identified the staff "Hiofevomang" {*Corrode rC+ Str+3
                  | Int+8 Ice}
 36361 | Elf:2    | Reached XP level 20. HP: 127/127 MP: 20/20
 36372 | Elf:2    | XOM: blink monster(s)
 36659 | Elf:2    | Found a runed translucent gate.
 36660 | Elf:2    | Found a runed translucent gate.
 36660 | Elf:2    | Found a runed translucent gate.
 36792 | Elf:2    | XOM: divination: detect items
 37244 | Vaults:1 | Entered Level 1 of the Vaults
 37292 | Vaults:1 | XOM: summons 2 hostile shadow creatures
 37293 | Vaults:1 | XOM: noise
 37305 | Vaults:1 | XOM: 3-stop teleportation journey
 37528 | Vaults:1 | XOM: swap monsters
 37640 | Vaults:1 | Reached skill level 15 in Fighting
 37908 | Vaults:1 | XOM: polymorph ironbound convoker -> purple ugly thing
 38031 | Vaults:1 | XOM: 2-stop teleportation journey
 38187 | Vaults:1 | XOM: 1-stop teleportation journey
 38200 | Vaults:1 | XOM: 5-stop teleportation journey
 38221 | Vaults:1 | XOM: 5-stop teleportation journey
 38653 | Vaults:1 | Found Dalenoe's Assorted Antiques.
 38778 | Vaults:1 | Bought a sack of spiders for 960 gold pieces
 38778 | Vaults:1 | Bought a scroll of fog for 96 gold pieces
 38945 | Vaults:2 | Reached XP level 21. HP: 137/137 MP: 17/21
 39138 | Vaults:3 | XOM: noise
 39263 | Vaults:4 | You fall into a shaft and drop 1 floor!
 39263 | Vaults:5 | Entered Level 5 of the Vaults
 39303 | Vaults:5 | XOM: divination: detect creatures
 39376 | Vaults:5 | XOM: polymorph cyan very ugly thing -> red very ugly thing
 39405 | Vaults:5 | Noticed an ancient lich
 39411 | Vaults:5 | XOM: summons friendly white imp
 39413 | Vaults:5 | Killed an ancient lich
 39425 | Vaults:5 | XOM: summons friendly quasit
 39453 | Vaults:5 | XOM: summons friendly ufetubus
 39454 | Vaults:5 | Noticed a golden dragon
 39471 | Vaults:5 | Killed a golden dragon
 39498 | Vaults:5 | XOM: summons 2 friendly demons
 39538 | Vaults:5 | Identified the +2 robe of Beosuoq {-Tele rN++ MP+9 Dex-4}
 39596 | Vaults:5 | XOM: divination: detect creatures
 39599 | Vaults:5 | XOM: enchant monster (bad)
 39685 | Vaults:5 | Got a shining gem with 1510 turns to spare
 39685 | Vaults:5 | Got a silver rune of Zot
 39731 | Vaults:5 | Noticed a dread lich
 39734 | Vaults:5 | Killed a dread lich
 39766 | Vaults:5 | Identified the +9 broad axe "Newtslayer" {venom, rF+ Int+4}
 39771 | Vaults:5 | XOM: divination: detect items
 39832 | Vaults:5 | Identified the amulet "Foaney" {Acrobat rPois Int+5}
 39850 | Vaults:5 | Reached skill level 1 in Shields
 39853 | Vaults:5 | Identified the +4 broad axe of the Five Portals {pain,
                  | +Blink rC++ rCorr Dex-4}
 39874 | Vaults:5 | Identified the +0 longbow of Blind Justice {elec, Str+3}
 39909 | Vaults:5 | Reached XP level 22. HP: 152/152 MP: 0/22
 40003 | Vaults:5 | XOM: summons friendly ufetubus
 40031 | Vaults:5 | XOM: cast spell 'Summon Ice Beast'
 40050 | Vaults:5 | XOM: potion effect (invisibility)
 40057 | Vaults:5 | Identified the ring "Kaid" {Str+3 Dex-4 Slay+4 SInv}
 40062 | Vaults:5 | Reached skill level 5 in Shields
 40083 | Vaults:5 | XOM: chaos cloud
 40086 | Vaults:5 | Paralysed by you for 1 turns
 40087 | Vaults:5 | XOM: polymorph vault guard -> six-headed hydra
 40149 | Vaults:5 | XOM: give mutations
 40149 | Vaults:5 | Gained mutation: You have supernaturally acute eyesight.
                  | (SInv) [Xom's grace]
 40149 | Vaults:5 | Gained mutation: You possess an exceptional clarity of
                  | mind. [Xom's grace]
 40326 | Vaults:5 | XOM: fog
 40327 | Vaults:5 | XOM: polymorph lindwurm -> glowing shapeshifter
 40332 | Vaults:5 | XOM: enchant monster (good)
 40345 | Vaults:5 | Noticed an ancient lich
 40355 | Vaults:5 | XOM: summons 8 friendly demons
 40360 | Vaults:5 | Killed an ancient lich
 40361 | Vaults:5 | XOM: summons 2 friendly demons
 40396 | Vaults:5 | XOM: cast spell 'Summon Ice Beast'
 40398 | Vaults:5 | XOM: fake destruction
 40403 | Vaults:5 | XOM: scenery: create altars
 40457 | Vaults:5 | XOM: give mutation
 40457 | Vaults:5 | Gained mutation: You have large cloven feet. [Xom's grace]
 40515 | Vaults:5 | XOM: cleaving
 40671 | Vaults:4 | XOM: confuse monster(s)
 40878 | D:14     | XOM: cloud trail
 41196 | Lair:4   | XOM: cloud trail
 41228 | Slime:1  | Entered Level 1 of the Pits of Slime
 41284 | Slime:5  | Entered Level 5 of the Pits of Slime
 41323 | Slime:5  | Reached skill level 10 in Shields
 41330 | Slime:5  | Found a viscous altar of Jiyva.
 41337 | Slime:5  | Noticed the Royal Jelly
 41342 | Slime:5  | XOM: confuse monster(s)
 41368 | Slime:5  | XOM: divination: magic mapping
 41369 | Slime:5  | XOM: enchant monster (good)
 41377 | Slime:5  | XOM: summons 5 friendly demons
 41383 | Slime:5  | Reached XP level 23. HP: 142/156 MP: 0/23
 41384 | Slime:5  | XOM: enchant monster (bad)
 41388 | Slime:5  | XOM: noise
 41405 | Slime:5  | XOM: chaos cloud
 41409 | Slime:5  | Killed the Royal Jelly
 41412 | Slime:5  | XOM: enchant monster (bad)
 41422 | Slime:5  | XOM: summons 1 hostile shadow creature
 41470 | Slime:5  | Identified the +1 pair of gloves of Xicenin {rF+ Int-5
                  | Stlth+}
 41479 | Slime:5  | XOM: torment (79/156 hp)
 41486 | Slime:5  | Got the Verses on Mutated Cold
 41489 | Slime:5  | Identified the +0 chain mail of Hairiness {Harm rC- Stlth+}
 41495 | Slime:5  | Identified the ring "Teicwyf" {rF+ rN+}
 41499 | Slime:5  | Got a starry gem with 373 turns to spare
 41499 | Slime:5  | Got a slimy rune of Zot
 41508 | Slime:5  | XOM: polymorph azure jelly -> iron dragon
 41527 | Slime:5  | XOM: polymorph rockslime -> iron troll
 41577 | Slime:5  | Identified the +5 longbow of the Equinox {antimagic, rElec
                  | rF+ Int-5}
 41584 | Slime:5  | Got the Disquisition on Metal
 41607 | Slime:5  | Found the +16 obsidian axe {drain, demonic, Mesm ^Drain Fly
                  | SInv}
 41614 | Slime:5  | Identified the amulet "Qieppuil" {Faith Rampage Regen+
                  | Str+2}
 41664 | Slime:5  | a rockslime changed into a golden dragon
 41664 | Slime:5  | Noticed a golden dragon
 41665 | Slime:5  | XOM: cast spell 'Fugue of the Fallen'
 41666 | Slime:5  | Killed a golden dragon
 41688 | Slime:3  | XOM: cleaving
 41701 | Slime:2  | XOM: give mutations
 41701 | Slime:2  | Gained mutation: Your muscles are strong. (Str +4, Int/Dex
                  | -1) [Xom's grace]
 41701 | Slime:2  | Gained mutation: You have a pair of horns on your head.
                  | [Xom's grace]
 41761 | Slime:2  | XOM: confuse monster(s)
 41854 | Lair:4   | XOM: scenery: create altars
 41873 | Lair:3   | XOM: scenery: summon butterflies
 42054 | D:14     | XOM: give mutation
 42054 | D:14     | Gained mutation: You expend magic power (3 MP) to
                  | strengthen your wands. [Xom's grace]
 42098 | Depths:1 | Entered Level 1 of the Depths
 42110 | Depths:1 | XOM: god gift: wand of roots (5)
 42131 | Depths:2 | Found a white marble altar of Elyvilon.
 42251 | Depths:2 | XOM: 1-stop teleportation journey
 42300 | Depths:2 | XOM: stat loss: -1 Int (14/15)
 42360 | Depths:3 | Found a one-way gate to the infinite horrors of the Abyss.
 42372 | Depths:3 | XOM: fog
 42376 | Depths:3 | XOM: summons friendly quasit
 42403 | Depths:3 | XOM: summons 5 friendly demons
 42417 | Depths:3 | XOM: summons 9 friendly demons
 42457 | Depths:3 | XOM: confuse monster(s)
 42470 | Depths:3 | XOM: fog
 42474 | Depths:3 | Found a gateway to Hell.
 42488 | Depths:3 | XOM: give mutations
 42488 | Depths:3 | Gained mutation: You are agile. (Dex +4, Str/Int -1) [Xom's
                  | grace]
 42488 | Depths:3 | Gained mutation: Your movements are slightly less
                  | encumbered by armour. (ER -2) [Xom's grace]
 42515 | Depths:3 | XOM: cloud trail
 42518 | Depths:4 | Entered Level 4 of the Depths
 42667 | Depths:4 | Noticed a golden dragon
 42669 | Depths:4 | XOM: 1-stop teleportation journey
 42740 | Depths:4 | XOM: cleaving
 42750 | Depths:4 | XOM: enchant monster (good)
 42760 | Depths:4 | Killed a golden dragon
 42776 | Depths:4 | Found a gate to the Realm of Zot.
 42782 | Depths:4 | Got a midnight gem with 2404 turns to spare
 42840 | Depths:3 | Voluntarily entered the Abyss.
 42886 | Abyss:1  | XOM: give mutations
 42886 | Abyss:1  | Lost mutation: Your thick and shaggy fur keeps you warm.
                  | (AC +3, rC+) [Xom's mischief]
 42886 | Abyss:1  | Lost mutation: Potions are less effective at restoring your
                  | health. [Xom's mischief]
 42886 | Abyss:1  | Lost mutation: You have supernaturally acute eyesight.
                  | (SInv) [Xom's mischief]
 42886 | Abyss:1  | Lost mutation: You have a pair of horns on your head.
                  | [Xom's mischief]
 43264 | Abyss:1  | Reached XP level 24. HP: 162/163 MP: 0/23
 43319 | Abyss:1  | XOM: give mutations
 43319 | Abyss:1  | Gained mutation: You have a pair of horns on your head.
                  | [Xom's grace]
 43319 | Abyss:1  | Gained mutation: Your flesh is heat resistant. (rF+) [Xom's
                  | grace]
 43668 | Abyss:2  | XOM: polymorph smoke demon -> cerulean imp
 43713 | Abyss:2  | XOM: god gift: 774 gold pieces
 43782 | Abyss:2  | Reached skill level 15 in Shields
 43825 | Abyss:2  | Found a corrupted altar of Lugonu.
 43913 | Abyss:2  | XOM: give mutations
 43913 | Abyss:2  | Gained mutation: Your spells are a little harder to cast,
                  | but a little more powerful. [Xom's grace]
 43913 | Abyss:2  | Gained mutation: Your muscles are very strong. (Str +8,
                  | Int/Dex -2) [Xom's grace]
 43913 | Abyss:2  | Gained mutation: You have sharp fingernails. [Xom's grace]
 44082 | Abyss:2  | Found a corrupted altar of Lugonu.
 44136 | Abyss:2  | XOM: scenery: create altars
 44165 | Abyss:2  | XOM: summons 2 hostile shadow creatures
 44194 | Abyss:2  | XOM: enchant monster (bad)
 44229 | Abyss:2  | XOM: torment (67/163 hp)
 44278 | Abyss:2  | XOM: enchant monster (bad)
 44470 | Abyss:2  | XOM: destruction
 44620 | Abyss:2  | XOM: scenery: summon butterflies
 44744 | Abyss:2  | Noticed a dread lich
 44751 | Abyss:2  | Paralysed by something for 5 turns
 44772 | Abyss:2  | Killed a dread lich
 44969 | Abyss:2  | XOM: summons friendly ufetubus
 44987 | Abyss:2  | Found a stormy altar of Qazlal.
 45086 | Abyss:2  | Found a corrupted altar of Lugonu.
 45088 | Abyss:2  | Found a corrupted altar of Lugonu.
 45102 | Abyss:2  | Found a corrupted altar of Lugonu.
 45111 | Abyss:2  | Found a corrupted altar of Lugonu.
 45782 | Abyss:4  | Found a corrupted altar of Lugonu.
 45812 | Abyss:4  | Found a glowing golden altar of the Shining One.
 45837 | Abyss:4  | Noticed a juggernaut
 45837 | Abyss:4  | XOM: potion effect (magic)
 45839 | Abyss:4  | a juggernaut changed into a golden dragon
 45839 | Abyss:4  | Noticed a golden dragon
 45843 | Abyss:4  | Killed a golden dragon
 45847 | Abyss:4  | XOM: confuse monster(s)
 45848 | Abyss:4  | Got an abyssal rune of Zot
 45867 | Depths:3 | Escaped the Abyss
 45915 | Zot:1    | Entered Level 1 of the Realm of Zot
 45993 | Zot:4    | Noticed a golden dragon
 46004 | Zot:4    | Killed a golden dragon
 46011 | Zot:5    | Entered Level 5 of the Realm of Zot
 46023 | Zot:4    | Noticed a golden dragon
 46024 | Zot:4    | Killed a golden dragon
 46068 | Zot:5    | Got a prismatic gem with 855 turns to spare
 46132 | Zot:5    | Noticed an ancient lich
 46143 | Zot:5    | Killed an ancient lich
 46144 | Zot:5    | Noticed an ancient lich
 46148 | Zot:5    | Noticed a curse toe
 46150 | Zot:5    | Noticed a Killer Klown
 46153 | Zot:5    | XOM: enchant monster (good)
 46155 | Zot:5    | Noticed a Killer Klown
 46156 | Zot:5    | Killed a curse toe
 46158 | Zot:5    | Reached XP level 25. HP: 145/168 MP: 0/23
 46165 | Zot:5    | Killed an ancient lich
 46165 | Zot:5    | Noticed an ancient lich
 46173 | Zot:5    | XOM: cast spell 'Leda's Liquefaction'
 46174 | Zot:5    | Killed an ancient lich
 46177 | Zot:5    | Killed a Killer Klown
 46181 | Zot:5    | Killed a Killer Klown
 46181 | Zot:5    | XOM: summons friendly quasit
 46226 | Zot:5    | Noticed an orb of fire
 46227 | Zot:5    | Gained mutation: You are frail. (-10% HP) [an orb of fire]
 46232 | Zot:5    | Noticed a Killer Klown
 46235 | Zot:5    | Gained mutation: Your magical capacity is low. (-10% MP)
                  | [an orb of fire]
 46239 | Zot:5    | Killed an orb of fire
 46259 | Zot:5    | XOM: 2-stop teleportation journey
 46264 | Zot:5    | Noticed an orb of fire
 46266 | Zot:5    | Killed an orb of fire
 46283 | Zot:5    | Reached skill level 15 in Armour
 46291 | Zot:5    | XOM: silly message
 46352 | Zot:5    | Got the Orb of Zot
 46357 | Zot:5    | XOM: enchant monster (bad)
 46365 | Zot:5    | XOM: divination: detect items
 46379 | Zot:5    | Killed a Killer Klown
 46380 | Zot:5    | Noticed a Killer Klown
 46391 | Zot:5    | XOM: summons friendly iron imp
 46393 | Zot:5    | Killed a Killer Klown
 46408 | Zot:5    | Noticed a Killer Klown
 46414 | Zot:5    | Noticed a Killer Klown
 46418 | Zot:5    | Killed a Killer Klown
 46461 | Zot:4    | XOM: 2-stop teleportation journey
 46493 | Zot:4    | XOM: potion effect (brilliance)
 46497 | Zot:4    | XOM: cast spell 'Fugue of the Fallen'
 46630 | Depths:2 | XOM: cloud trail
 46639 | Depths:2 | Found a runed translucent door.
 47004 | D:$      | Escaped with the Orb!

Illustrated notes #...........# #............ #...........# #....[......# ..####P..........# ..#.##............ ###...##............ ##[#..##...........#P #(W+@..............## ##?#.......#......## ###..#.#####....## ##.#.# #....# ##..# ##..## #.. #.## ### Turn 20832 on Lair:4: :hello .....##.P######..'...## ......#.♣#...'.P8##...# ........♣#P..#####...## ........##...# ##..# ........##...# #...# .....##.##.).# ♣P..♣ ......#.♣#8[8###♣♣..♣♣ ........########♣P$♣♣ ....###.## ##.'@..P# ††..###..## ####♣P### .....####.# ####### .....# ### .....## ......# ##..P.# ####..## ###.## Turn 23716 on Lair:5: :who needs strength anyway ~~~~~~~~~~....~ ~~~~~~~~~~.....~ ~~~~~~~~~~...P... ~~~~~~~~~~....#... ..~~~~~~~~~.. .### ....~~~...... ... ....~~~..... ... ........... ... ...@.#.... ≈~~~~~~~ .....#......P.# ≈≈≈≈≈~~~~~~~~~~~..# .......### ~~≈≈~~~~~≈≈~~~~~..# .......... ~~~~.~~~~~~≈≈~~ .......... ~~~~..~~~~~≈≈≈~~ .......(.. ~~~~~~~~~~~~~~~~~ .......... ~~~....~.~.~~~~~~~ ~~~~...... ~~.###......(~~~~~~ ~~~~...... Turn 34672 on Shoals:1: :5 nets is probably enough

.....## ##.....##.##....#[
......############.P.~...#...#.#.
.............#.###~~~..#.###.####
..#................~~~~....### #
#####............~~~~~~~...P.####
# #................~.~~~P....#..
####.............#...........#...
#.#...................#...####...
##.............§@§...###### ###.
#.............§§.§.## #.
#...............§§.# ###
#..................# #..
##.................# #.. #
#...............### ##.. #
#..............## ##P.. #
##.............# #.... #
#...........>.# ##...


Turn 34722 on Lair:1: :actually

Levels and vault maps discovered:
D:1:      kb_arrival_jail, layout_rooms, minmay_close_crescents
D:2:      layout_rooms, dreamdust_ecumenical_altar_hidden_monk_grotto,
          kennysheep_jessica_study
D:3:      layout_rooms, uniq_robin
D:4:      layout_gridville, marbit_many_paths, minmay_temple_entry_from_below_a,
          ebering_ghost_disaster_area, fountainhead, minmay_misc_feat_hallway,
          uniq_pikel, uniq_sigmund
D:5:      layout_layer_cave, overflow_temple_1_default, uniq_ijyb, uniq_menkaure
D:6:      gammafunk_steamed_eel, layout_layer_cave,
          gammafunk_ghost_nasty_kobolds, serial_bayou_pond_a
D:7:      layout_loops_ring, minmay_shop_chei,
          nicolae_concentric_dashed_squares_mild, hangedman_decor_slide_cut,
          chequers_mini_garden, hex_large, kennysheep_generic_room_6,
          uniq_prince_ribbit1
D:8:      layout_loops_cross, mainiacjoe_overflow_brackets, xom_confusion_cloud,
          slow_altar_2, david_lair_shrubbed, uniq_maggie, uniq_maurice,
          uniq_grum
D:9:      minmay_thinvault, layout_loops_corners, uniq_joseph
D:10:     kennysheep_town
D:11:     layout_cave_pools, minmay_guarded_unrand_staff_of_olgreb
D:12:     layout_irregular_city, gammafunk_ghost_split,
          makhleb_altar_promises_db
D:13:     layout_stronghold, serial_shops, nicolae_stop_n_shop_2,
          introduction_to_nature_2
D:14:     layout_rooms, hellmonk_vaults_keyhole, minmay_curled_crystal,
          minmay_liquid_box
D:15:     grunt_enter_depths_giant_problem, layout_basic,
          hangedman_abyss_or_decor_stabs, gauntlet_entry_generic
Temple:   hellmonk_temple_divided_pantheon
Lair:1:   beast_lair_carwin_large_4, layout_cave_pods, grunt_megastairs_4,
          uniq_gastronok
Lair:2:   layout_cave_pods, minmay_shoals_entry_beasts,
          nicolae_volcano_entry_two_sided, uniq_erica
Lair:3:   layout_cave_pods, dummy_spider_entry, dreamdust_gnoll_shepherd,
          lemuel_fruit_tree
Lair:4:   layout_cave_pods, slime_entry_2, ebering_ghost_xom, grunt_megastairs_3
Lair:5:   due_jungle_book, layout_cave_pods, chequers_serial_rivers_micro_a,
          uniq_rupert
Shoals:1: layout_shoals, ebering_ghost_rock_garden, st_cyclops
Shoals:2: layout_shoals, hellmonk_ghost_happy_afterlife
Shoals:3: layout_shoals, nicolae_shoals_nymph_descending_staircase
Shoals:4: shoals_end_hangedman, layout_shoals, serial_shops, bzr_in_the_mist,
          nicolae_specific_store
Spider:1: layout_spider_delve
Spider:2: layout_spider_delve, hangedman_spider_tarantella_strand
Spider:3: layout_cave_pods, uniq_mlioglotl
Spider:4: spider_rune_water
Slime:1:  layout_caves
Slime:2:  layout_caves
Slime:3:  layout_caves, cheibrodos_slime_lost_civilization_7
Slime:4:  layout_caves
Slime:5:  slime_pit_nicolae_trefoil
Orc:1:    layout_diamond_mine, basic_altar, serial_shops,
          nicolae_lakefront_shop, nicolae_shop_real_fake_doors,
          regret_index_minedec_devilstone
Orc:2:    st_orc_open, layout_caves, nicolae_shop_self_help, uniq_sonja
Elf:1:    eino_elf_arrival_the_gate, layout_gridlike, minivault_28,
          minmay_shop_grove
Elf:2:    nicolae_elf_blades_crystal_corner, layout_gridlike,
          portal_ice_cave_entry_ugly_swarm
Elf:3:    minmay_elf_hall_x, layout_onion_city, serial_shops,
          nicolae_shop_tiny_glass
Vaults:1: v_rooms_4, vaults_dpeg_hooks, nicolae_vaults_six-pack,
          st_smaller_cells, v_pattern_5, v_alt_pattern_4,
          ontoclasm_vaults_ring_square, hangedman_vaults_locks,
          hangedman_vaults_pinch, nicolae_vaults_closet_pinwheel_1,
          nicolae_vaults_trapezoid_layered, nicolae_vaults_angled_halls,
          layout_vaults_ring, serial_shops, shop
Vaults:2: ebering_ghost_gozag, nicolae_vaults_tetromino_Z_1,
          nicolae_vaults_doubleplus_tesselated, minmay_crypt_entry_necro_gods,
          nicolae_vaults_quartermaster, nicolae_vaults_taking_the_gang_shopping,
          nicolae_vaults_sesquioval_fish,
          vaults_standard_mumra_enter_the_diamond, ontoclasm_vaults_spin,
          v_alt_pattern_5, nicolae_vaults_tetromino_L_2, layout_vaults_omnicross
Vaults:3: gammafunk_ghost_mausoleum, v_alt_pattern_3,
          nicolae_vaults_more_shelving_2, nicolae_vaults_storage_closets_1,
          vaults_room_guarded_vault, vaults_mumra_minichess,
          vaults_standard_mumra_enter_the_diamond, ontoclasm_vaults_chip,
          vaults_mumra_hex, layout_vaults_omnigrid, serial_shops,
          nicolae_square_shop
Vaults:4: ontoclasm_vaults_twist, v_rooms_5, nicolae_vaults_stepped_doors,
          nicolae_vaults_double_plus_1, nicolae_vaults_door_testing_chamber,
          hangedman_vaults_cutoff, grunt_vaults_hallway_long,
          nicolae_vaults_shrinking_rooms_2, nicolae_vaults_museum, v_rooms_3,
          layout_vaults_maze_snakey
Vaults:5
Depths:1: layout_basic, grunt_pan_entry_in_and_out, enter_trove_1, hell_entry,
          patterned_corridor, uniq_boris
Depths:2: minmay_the_grid_four_pointed_star_mashed
          [minmay_the_grid_triangle_9x9_empty,
          minmay_the_grid_triangle_9x9_from_above,
          minmay_the_grid_triangle_9x9_swiss_cheese,
          minmay_the_grid_triangle_9x9_tough_junction,
          minmay_the_grid_prize_diamond_cup], layout_gridlike, enter_ziggurat_e,
          grunt_pan_entry_sceptre, hell_entry, elyvilon_altar_5,
          nicolae_ru_awakened_eye, uniq_nikola
Depths:3: regret_index_makhleb_lecture_halls, layout_twisted_cross,
          hellmonk_sif_muna_bookshelves, nicolae_abyss_entry_one_way_or_another,
          grunt_metal_band, kennysheep_random_hallway, uniq_enchantress,
          uniq_vv, uniq_parghit
Depths:4: grunt_zot_entry_bicorn, layout_basic, hangedman_coc_ice_floe,
          lemuel_tele_altar, grunt_megastairs_5
Zot:1:    layout_misc_corridors, regret_index_zotdec_obsidian_hm,
          grunt_ministairs_7, regret_index_zotdec_serpentine_scales,
          uniq_josephina
Zot:2:    layout_onion_interference, ebering_ghost_inner_flame,
          hangedman_zot_diagonal_lockstep, lemuel_elevator
Zot:3:    layout_gridlike, grunt_megastairs_2
Zot:4:    kennysheep_room_grid, layout_onion_interference
Zot:5:    layout_cathedral_of_symmetry

Skill      XL: |  1  2  3  4  5  6  7  8  9 10 11 12 13 14 15 16 17 18 19 20 21 22 23 24 25 |
---------------+----------------------------------------------------------------------------+-----
Short Blades   | 5 6 8 10 12 14 16 17 20 22 | 22.0
Stealth        | 1 3 5 6 9 10 12 15 17 20 | 20.0
Dodging        | 5 6 8 10 11 14 15 17 18 24 25 | 25.0
Fighting       | 6 8 12 14 16 20 | 20.0
Evocations     | 4 6 |  6.0
Throwing       | 4 |  4.0
Armour         | 6 10 13 16 | 16.2
Ice Magic      | 6 |  6.0
Shields        | 3 10 14 15 | 15.0

Action                     |  1- 3 |  4- 6 |  7- 9 | 10-12 | 13-15 | 16-18 | 19-21 | 22-24 | 25-27 || total
---------------------------+-------+-------+-------+-------+-------+-------+-------+-------+-------++-------
  Melee: Short sword       |   139 |   188 |   283 |  1025 |   380 |       |       |       |       ||  2015
         Punch             |     1 |     3 |     4 |    15 |    27 |    28 |    32 |     9 |       ||   119
         Dagger            |       |       |       |    43 |   136 |       |       |       |       ||   179
         Headbutt          |       |       |       |    35 |   356 |   531 |   475 |   812 |   184 ||  2393
         Quick blade       |       |       |       |       |   744 |  1700 |  1467 |  2038 |   402 ||  6351
  Throw: Dart              |       |     1 |     7 |    18 |     9 |     4 |     2 |       |       ||    41
         Boomerang         |       |       |       |       |     2 |       |       |     1 |       ||     3
  Evoke: Wand              |       |     4 |    18 |    30 |     9 |     1 |       |     3 |     1 ||    66
         Phial of floods   |       |       |       |       |     1 |       |       |       |       ||     1
         Phantom mirror    |       |       |       |       |       |       |       |       |     1 ||     1
    Use: Scroll            |     1 |     5 |     3 |     6 |    17 |    16 |    10 |     5 |     2 ||    65
         Potion            |       |       |     1 |     2 |     8 |     3 |     1 |     5 |     8 ||    28
   Stab: Sleeping          |    15 |     9 |    21 |    33 |    92 |   149 |   116 |    46 |       ||   481
         Paralysed         |     1 |       |       |     1 |     4 |     5 |    11 |     9 |     4 ||    35
         Confused          |       |     2 |     1 |     3 |    15 |    16 |    25 |    42 |     7 ||   111
         Distracted        |       |     1 |     1 |     5 |     6 |    13 |    14 |    43 |     2 ||    85
         Petrifying        |       |       |     1 |       |     3 |    11 |     6 |    19 |       ||    40
         Invisible         |       |       |       |     6 |     3 |       |       |     3 |       ||    12
         Betrayed ally     |       |       |       |     1 |     1 |       |       |     1 |       ||     3
         Petrified         |       |       |       |       |     2 |     1 |       |     1 |       ||     4
         Held in net/web   |       |       |       |       |     2 |     1 |     1 |     2 |     1 ||     7
 Armour: Leather armour    |    41 |    69 |    78 |    35 |       |       |       |       |       ||   223
         Steam dragon scal |       |       |       |   198 |       |       |       |       |       ||   198
         Troll leather arm |       |       |       |    13 |   223 |   195 |   130 |    12 |       ||   573
         Robe              |       |       |       |       |    16 |       |       |       |       ||    16
         Ring mail         |       |       |       |       |       |       |       |   149 |    37 ||   186
         Skin              |       |       |       |       |       |       |       |     1 |       ||     1
  Dodge: Dodged            |    88 |   104 |   155 |   739 |   696 |  1243 |   679 |   908 |   200 ||  4812
  Block: Kite shield       |       |       |       |       |       |       |       |   814 |   243 ||  1057

Table legend: (Time is in decaauts)
 A = Elapsed time spent in this place.
 B = Non-inter-level travel time spent in this place.
 C = Inter-level travel time spent in this place.
 D = Time resting spent in this place.
 E = Time spent auto-exploring this place.
 F = Levels seen in this place.
 G = Mean time per level.
                   A        B        C        D        E       F      G
               +--------+--------+--------+--------+--------+-----+--------+
         Total |  44529 |  41302 |   3227 |   1337 |  23168 |  61 |  730.0 |
       Dungeon |  20969 |  18929 |   2040 |   1199 |  12595 |  15 | 1397.9 |
        Temple |     17 |     17 |      0 |      0 |      0 |   1 |   17.0 |
          Lair |   7280 |   6562 |    718 |     91 |   4888 |   5 | 1456.0 |
        Shoals |   1361 |   1361 |      0 |      0 |      0 |   4 |  340.2 |
   Spider Nest |   2379 |   2289 |     90 |      0 |   1537 |   4 |  594.8 |
    Slime Pits |    483 |    483 |      0 |      0 |      0 |   5 |   96.6 |
  Orcish Mines |   1728 |   1569 |    159 |      0 |   1189 |   2 |  864.0 |
   Elven Halls |   1457 |   1457 |      0 |      0 |      0 |   3 |  485.7 |
        Vaults |   3234 |   3193 |     41 |      0 |   1190 |   5 |  646.8 |
        Depths |    805 |    632 |    173 |      0 |      0 |   4 |  201.2 |
           Zot |    550 |    550 |      0 |      0 |      0 |   5 |  110.0 |
         Abyss |   2838 |   2838 |      0 |     47 |   1293 |   4 |  709.5 |
        Bazaar |     87 |     87 |      0 |      0 |     44 |   1 |   87.0 |
      Ice Cave |    576 |    576 |      0 |      0 |    325 |   1 |  576.0 |
       Volcano |    304 |    304 |      0 |      0 |      0 |   1 |  304.0 |
      Gauntlet |    455 |    455 |      0 |      0 |    106 |   1 |  455.0 |
               +--------+--------+--------+--------+--------+-----+--------+

Top non-repeatable levels by time:
    D:10: 3000 daAuts
  Lair:4: 2194 daAuts
 Abyss:2: 2142 daAuts
     D:6: 1880 daAuts
     D:9: 1842 daAuts
     D:7: 1774 daAuts
     D:8: 1646 daAuts
Vaults:1: 1642 daAuts
     D:5: 1542 daAuts
  Lair:1: 1417 daAuts
     D:4: 1390 daAuts
  Lair:2: 1366 daAuts
    D:12: 1366 daAuts
  Lair:5: 1296 daAuts
Vaults:5: 1147 daAuts
